TOP OF THE 1ST |
Santa Fe Diablos batting - Pitching for West Virginia Power : RHP Javier Molina
|
Pitching: RHP Javier Molina
|
|
Batting: SHB Pancho Vásquez
|
0-0: Ball 1-0: Ball 2-0: Ball 3-0: Base on Balls
|
Batting: LHB David Hernández
|
0-0: Fly out, F7 (Flyball, 7LSF)
|
Batting: RHB Lee Price
|
0-0: Ball 1-0: Swinging Strike 1-1: Swinging Strike 1-2: Ball 2-2: Strikes out swinging
|
Batting: LHB Michael Barrett
|
0-0: Called Strike 0-1: Ball 1-1: Ball 2-1: 2-RUN HOME RUN (Line Drive, 9D), Distance : 366 ft
|
Batting: LHB Juan Torres
|
0-0: SINGLE (Flyball, 9S)
|
Batting: RHB John Dinkins
|
0-0: Called Strike 0-1: Foul Ball, location: 2F 0-2: Ball 1-2: Ground out 4-3 (Groundball, 34)
|
Top of the 1st over - 2 run(s), 2 hit(s), 0 error(s), 1 left on base; Santa Fe 2 - West Virginia 0 |
BOTTOM OF THE 1ST |
West Virginia Power batting - Pitching for Santa Fe Diablos : RHP Jerry Campbell
|
Pitching: RHP Jerry Campbell
|
|
Batting: LHB Wally Harris
|
0-0: Called Strike 0-1: Called Strike 0-2: Strikes out swinging
|
Batting: RHB Javier Peña
|
0-0: SINGLE (Line Drive, 4MD)
|
Batting: RHB Mike Ingram
|
0-0: Ball 1-0: Ball 2-0: Ground out 4-3 (Groundball, 34) Javier Peña to second
|
Batting: RHB Tony Parker
|
0-0: Ball 1-0: Ball 2-0: Called Strike 2-1: Fly out, F8 (Flyball, 8RM)
|
Bottom of the 1st over - 0 run(s), 1 hit(s), 0 error(s), 1 left on base; Santa Fe 2 - West Virginia 0 |
TOP OF THE 2ND |
Santa Fe Diablos batting - Pitching for West Virginia Power : RHP Javier Molina
|
Batting: RHB Claudio Souza
|
0-0: Called Strike 0-1: Called Strike 0-2: Strikes out swinging
|
Batting: LHB Javier Martínez
|
0-0: Ball 1-0: Ball 2-0: Called Strike 2-1: Ground out 6-3 (Groundball, 6M)
|
Batting: RHB Ricardo Remedios
|
0-0: Called Strike 0-1: Ground out 4-3 (Groundball, 4MS)
|
Top of the 2nd over - 0 run(s), 0 hit(s), 0 error(s), 0 left on base; Santa Fe 2 - West Virginia 0 |
BOTTOM OF THE 2ND |
West Virginia Power batting - Pitching for Santa Fe Diablos : RHP Jerry Campbell
|
Batting: LHB Phil Neal
|
0-0: Ball 1-0: Ball 2-0: Ball 3-0: Base on Balls
|
Batting: RHB Eric Knight
|
0-0: Ball 1-0: Ball 2-0: Ball 3-0: Called Strike 3-1: Base on Balls Phil Neal to second
|
Batting: SHB Waylon Adams
|
0-0: Called Strike 0-1: Called Strike 0-2: Foul Ball, location: 2F 0-2: Strikes out swinging
|
Batting: RHB Alonzo Herrera
|
0-0: Grounds into double play, 4-6-3 (Groundball, 4)
|
Bottom of the 2nd over - 0 run(s), 0 hit(s), 0 error(s), 1 left on base; Santa Fe 2 - West Virginia 0 |
TOP OF THE 3RD |
Santa Fe Diablos batting - Pitching for West Virginia Power : RHP Javier Molina
|
Batting: SHB Pancho Vásquez
|
0-0: Called Strike 0-1: Ball 1-1: Ground out 4-3 (Groundball, 34)
|
Batting: LHB David Hernández
|
0-0: Ball 1-0: Ball 2-0: Swinging Strike 2-1: Ball 3-1: Called Strike 3-2: Foul Ball, location: 2F 3-2: Foul Ball, location: 2F 3-2: Base on Balls
|
Batting: RHB Lee Price
|
Pickoff Throw to First - Error! E1 David Hernández to second 0-0: Called Strike 0-1: Ball 1-1: Foul Ball, location: 2F 1-2: Ball 2-2: Hit by Pitch
|
Batting: LHB Michael Barrett
|
0-0: Ball 1-0: Ball 2-0: Called Strike 2-1: Ball 3-1: SINGLE (Flyball, 8LS) David Hernández to third Lee Price to second Runner from 3rd tries for Home, SAFE, no throw
|
Batting: LHB Juan Torres
|
0-0: Called Strike 0-1: Foul Ball, location: 2F 0-2: Foul Ball, location: 2F 0-2: Ball 1-2: Foul Ball, location: 2F 1-2: Ball 2-2: 3-RUN HOME RUN (Flyball, 8LXD), Distance : 435 ft
|
Batting: RHB John Dinkins
|
0-0: Called Strike 0-1: Foul Ball, location: 2F 0-2: Ball 1-2: Ground out U3 (Groundball, 34)
|
Batting: RHB Claudio Souza
|
0-0: Fly out, F9 (Flyball, 89M)
|
Top of the 3rd over - 4 run(s), 2 hit(s), 1 error(s), 0 left on base; Santa Fe 6 - West Virginia 0 |
BOTTOM OF THE 3RD |
West Virginia Power batting - Pitching for Santa Fe Diablos : RHP Jerry Campbell
|
Batting: SHB Thomas Simmons
|
0-0: Fly out, F8 (Flyball, 78M)
|
Batting: LHB Wally Harris
|
0-0: Called Strike 0-1: Reaches on Catchers interference
|
Batting: RHB Javier Peña
|
0-0: Ball 1-0: Foul Ball, location: 2F 1-1: Ball 2-1: Ball 3-1: Base on Balls Wally Harris to second
|
Batting: RHB Mike Ingram
|
0-0: Ground out 5-3 (Groundball, 5S) Wally Harris to third Javier Peña to second
|
Batting: RHB Tony Parker
|
0-0: Ball 1-0: Ground out 4-3 (Groundball, 4S)
|
Bottom of the 3rd over - 0 run(s), 0 hit(s), 1 error(s), 2 left on base; Santa Fe 6 - West Virginia 0 |
TOP OF THE 4TH |
Santa Fe Diablos batting - Pitching for West Virginia Power : RHP Javier Molina
|
Batting: LHB Javier Martínez
|
0-0: Ball 1-0: Ball 2-0: Swinging Strike 2-1: Foul Ball, location: 2F 2-2: SINGLE (Flyball, 8RS)
|
Batting: RHB Ricardo Remedios
|
0-0: Fly out, F8 (Flyball, 8RM)
|
Batting: SHB Pancho Vásquez
|
0-0: Swinging Strike 0-1: Ball 1-1: Ball 2-1: Called Strike 2-2: Strikes out swinging
|
Batting: LHB David Hernández
|
0-0: Called Strike 0-1: Ball 1-1: Fly out, F7 (Line Drive, 7)
|
Top of the 4th over - 0 run(s), 1 hit(s), 0 error(s), 1 left on base; Santa Fe 6 - West Virginia 0 |
BOTTOM OF THE 4TH |
West Virginia Power batting - Pitching for Santa Fe Diablos : RHP Jerry Campbell
|
Batting: LHB Phil Neal
|
0-0: Called Strike 0-1: Foul Ball, location: 2F 0-2: Strikes out swinging
|
Batting: RHB Eric Knight
|
0-0: Ball 1-0: Foul Ball, location: 2F 1-1: Foul Ball, location: 2F 1-2: Foul Ball, location: 2F 1-2: Foul Ball, location: 2F 1-2: Strikes out looking
|
Batting: SHB Waylon Adams
|
0-0: Ball 1-0: SINGLE (Line Drive, 4M)
|
Batting: RHB Alonzo Herrera
|
0-0: Swinging Strike 0-1: Ball 1-1: Ball 2-1: Swinging Strike 2-2: Strikes out swinging
|
Bottom of the 4th over - 0 run(s), 1 hit(s), 0 error(s), 1 left on base; Santa Fe 6 - West Virginia 0 |
TOP OF THE 5TH |
Santa Fe Diablos batting - Pitching for West Virginia Power : RHP Javier Molina
|
Pitching: RHP António Córdova
|
|
Batting: RHB Lee Price
|
0-0: Swinging Strike 0-1: Called Strike 0-2: Ball 1-2: Ball 2-2: Fly out, F9 (Flyball, 9)
|
Batting: LHB Michael Barrett
|
0-0: Ball 1-0: Hit by Pitch
|
Batting: LHB Juan Torres
|
0-0: Ball 1-0: Called Strike 1-1: Ball 2-1: Called Strike 2-2: Foul Ball, location: 2F 2-2: Fly out, F8 (Flyball, 8LM)
|
Batting: RHB John Dinkins
|
0-0: Called Strike 0-1: Ball 1-1: Ball 2-1: SINGLE (Line Drive, 8LS) Michael Barrett to second
|
Batting: RHB Claudio Souza
|
0-0: Called Strike 0-1: SINGLE (Groundball, 4MD) Michael Barrett to third John Dinkins to second Runner from 3rd tries for Home, SAFE, no throw
|
Batting: LHB Javier Martínez
|
0-0: Foul Ball, location: 2F 0-1: Ball 1-1: Fielders Choice at 2nd, 4-6 (Groundball, 4)
|
Top of the 5th over - 1 run(s), 2 hit(s), 0 error(s), 1 left on base; Santa Fe 7 - West Virginia 0 |
BOTTOM OF THE 5TH |
West Virginia Power batting - Pitching for Santa Fe Diablos : RHP Jerry Campbell
|
Batting: SHB Thomas Simmons
|
0-0: Ball 1-0: Ball 2-0: Ball 3-0: Base on Balls
|
Batting: LHB Wally Harris
|
0-0: Ball 1-0: Called Strike 1-1: Ball 2-1: Ball 3-1: SINGLE (Groundball, 34D) Thomas Simmons to second Runner from 2nd tries for 3rd, SAFE, throw made to third
|
Batting: RHB Javier Peña
|
0-0: Foul Ball, location: 2F 0-1: Ball Wally Harris steals 2nd base 1-1: Ball 2-1: Ball 3-1: Base on Balls
|
Batting: RHB Mike Ingram
|
0-0: Ball 1-0: Ball 2-0: Ball 3-0: Called Strike 3-1: Swinging Strike 3-2: Fly out, F5 (Popup, 5L)
|
Batting: RHB Tony Parker
|
0-0: Called Strike 0-1: Ball 1-1: Ball 2-1: Foul Ball, location: 2F 2-2: Ball 3-2: Base on Balls Thomas Simmons scores Wally Harris to third Javier Peña to second
|
Batting: LHB Phil Neal
|
0-0: Called Strike 0-1: Ball 1-1: Foul Ball, location: 2F 1-2: Ball 2-2: Foul Ball, location: 2F 2-2: Ball 3-2: Strikes out swinging
|
Batting: RHB Eric Knight
|
0-0: Called Strike 0-1: Fielders Choice at 2nd, 6-4 (Groundball, 6)
|
Bottom of the 5th over - 1 run(s), 1 hit(s), 0 error(s), 2 left on base; Santa Fe 7 - West Virginia 1 |
TOP OF THE 6TH |
Santa Fe Diablos batting - Pitching for West Virginia Power : RHP António Córdova
|
Batting: RHB Ricardo Remedios
|
0-0: Foul Ball, location: 2F 0-1: Foul Ball, location: 2F 0-2: Ground out 6-3 (Groundball, 6)
|
Batting: SHB Pancho Vásquez
|
0-0: Ball 1-0: Ball 2-0: Ball 3-0: Called Strike 3-1: Base on Balls
|
Batting: LHB David Hernández
|
0-0: Ball 1-0: Called Strike 1-1: Called Strike 1-2: Ball Pancho Vásquez is caught stealing 2nd base 2-2: Foul Ball, location: 2F 2-2: Ground out 6-3 (Groundball, 56)
|
Top of the 6th over - 0 run(s), 0 hit(s), 0 error(s), 0 left on base; Santa Fe 7 - West Virginia 1 |
BOTTOM OF THE 6TH |
West Virginia Power batting - Pitching for Santa Fe Diablos : RHP Jerry Campbell
|
Pitching: RHP Jacob Bryant
|
|
Batting: SHB Waylon Adams
|
0-0: Swinging Strike 0-1: Ball 1-1: Called Strike 1-2: Foul Ball, location: 2F 1-2: Strikes out swinging
|
Batting: RHB Alonzo Herrera
|
0-0: Foul Ball, location: 2F 0-1: Foul Ball, location: 2F 0-2: Ball 1-2: Ball 2-2: Ball 3-2: Base on Balls
|
Batting: SHB Thomas Simmons
|
0-0: Ball 1-0: Called Strike 1-1: Swinging Strike 1-2: Ball 2-2: Strikes out swinging
|
Batting: LHB Wally Harris
|
0-0: Ball 1-0: Ball 2-0: Called Strike 2-1: Swinging Strike 2-2: Ball 3-2: Base on Balls Alonzo Herrera to second
|
Batting: RHB Javier Peña
|
0-0: Called Strike 0-1: Swinging Strike 0-2: Ball 1-2: Foul Ball, location: 2F 1-2: Foul Ball, location: 2F 1-2: Ball 2-2: Foul Ball, location: 2F 2-2: Strikes out swinging
|
Bottom of the 6th over - 0 run(s), 0 hit(s), 0 error(s), 2 left on base; Santa Fe 7 - West Virginia 1 |
TOP OF THE 7TH |
Santa Fe Diablos batting - Pitching for West Virginia Power : RHP António Córdova
|
Batting: RHB Lee Price
|
0-0: Foul Ball, location: 2F 0-1: Ball 1-1: Foul Ball, location: 2F 1-2: Strikes out looking
|
Batting: LHB Michael Barrett
|
0-0: Swinging Strike 0-1: Foul Ball, location: 2F 0-2: Ball 1-2: Foul Ball, location: 2F 1-2: Strikes out swinging
|
Batting: LHB Juan Torres
|
0-0: Called Strike 0-1: Ball 1-1: Ball 2-1: Ball 3-1: Base on Balls
|
Batting: RHB John Dinkins
|
0-0: Ball 1-0: Called Strike Juan Torres steals 2nd base 1-1: SINGLE (Groundball, 4MD) Juan Torres to third Runner from 3rd tries for Home, SAFE, no throw
|
Batting: RHB Claudio Souza
|
0-0: Ball 1-0: Foul Ball, location: 2F 1-1: Called Strike 1-2: Foul Ball, location: 2F 1-2: SINGLE (Line Drive, 6MD) John Dinkins to second Runner from 2nd tries for 3rd, SAFE, throw made to third
|
Batting: LHB Javier Martínez
|
0-0: DOUBLE (Flyball, 7LM) John Dinkins scores Claudio Souza to third Runner from 3rd tries for Home, throw and OUT!
|
Top of the 7th over - 2 run(s), 3 hit(s), 0 error(s), 1 left on base; Santa Fe 9 - West Virginia 1 |
BOTTOM OF THE 7TH |
West Virginia Power batting - Pitching for Santa Fe Diablos : RHP Jacob Bryant
|
Batting: RHB Mike Ingram
|
0-0: Ground out 6-3 (Groundball, 6)
|
Batting: RHB Tony Parker
|
0-0: Ball 1-0: Swinging Strike 1-1: Foul Ball, location: 2F 1-2: Strikes out swinging
|
Batting: LHB Phil Neal
|
0-0: Called Strike 0-1: Called Strike 0-2: Ball 1-2: Ball 2-2: Ball 3-2: Strikes out swinging
|
Bottom of the 7th over - 0 run(s), 0 hit(s), 0 error(s), 0 left on base; Santa Fe 9 - West Virginia 1 |
TOP OF THE 8TH |
Santa Fe Diablos batting - Pitching for West Virginia Power : RHP António Córdova
|
Pitching: RHP Tomás Hurtado
|
|
Batting: RHB Ricardo Remedios
|
0-0: Ball 1-0: Swinging Strike 1-1: Called Strike 1-2: Foul Ball, location: 2F 1-2: Foul Ball, location: 2F 1-2: Ball 2-2: Ground out U3 (Groundball, 34)
|
Batting: SHB Pancho Vásquez
|
0-0: Ball 1-0: Swinging Strike 1-1: Ball 2-1: Ball 3-1: Foul Ball, location: 2F 3-2: Strikes out swinging
|
Batting: LHB David Hernández
|
0-0: Ground out 4-3 (Groundball, 4S)
|
Top of the 8th over - 0 run(s), 0 hit(s), 0 error(s), 0 left on base; Santa Fe 9 - West Virginia 1 |
BOTTOM OF THE 8TH |
West Virginia Power batting - Pitching for Santa Fe Diablos : RHP Jacob Bryant
|
Batting: RHB Eric Knight
|
0-0: Called Strike 0-1: Called Strike 0-2: Strikes out swinging
|
Batting: SHB Waylon Adams
|
0-0: Called Strike 0-1: Called Strike 0-2: Strikes out swinging
|
Batting: RHB Alonzo Herrera
|
0-0: Foul Ball, location: 2F 0-1: Foul Ball, location: 2F 0-2: Ball 1-2: Fly out, F9 (Flyball, 9S)
|
Bottom of the 8th over - 0 run(s), 0 hit(s), 0 error(s), 0 left on base; Santa Fe 9 - West Virginia 1 |
TOP OF THE 9TH |
Santa Fe Diablos batting - Pitching for West Virginia Power : RHP Tomás Hurtado
|
Batting: RHB Lee Price
|
0-0: Ball 1-0: Ball 2-0: Foul Ball, location: 2F 2-1: Ball 3-1: Foul Ball, location: 2F 3-2: Foul Ball, location: 2F 3-2: Base on Balls
|
Batting: LHB Michael Barrett
|
0-0: Called Strike 0-1: Ball 1-1: Ball 2-1: Ball 3-1: Called Strike 3-2: Grounds into double play, 4-6-3 (Groundball, 4)
|
Batting: LHB Juan Torres
|
0-0: Fly out, F4 (Line Drive, 4)
|
Top of the 9th over - 0 run(s), 0 hit(s), 0 error(s), 0 left on base; Santa Fe 9 - West Virginia 1 |
BOTTOM OF THE 9TH |
West Virginia Power batting - Pitching for Santa Fe Diablos : RHP Jacob Bryant
|
Pitching: RHP Manuel Zarate
|
|
Now at SS: Tim Adkins
|
|
Batting: SHB Thomas Simmons
|
0-0: Called Strike 0-1: DOUBLE (Line Drive, 9LM)
|
Pinch Hitting: RHB Piotr Zahn
|
0-0: Ground out 5-3 (Groundball, 56)
|
Batting: RHB Javier Peña
|
0-0: Called Strike 0-1: Ball 1-1: Foul Ball, location: 2F 1-2: Ball 2-2: Foul Ball, location: 2F 2-2: Foul Ball, location: 2F 2-2: Foul Ball, location: 2F 2-2: Foul Ball, location: 2F 2-2: Foul Ball, location: 2F 2-2: Ground out 4-3 (Groundball, 4D) Thomas Simmons to third
|
Batting: RHB Mike Ingram
|
0-0: Ball 1-0: Fly out, F8 (Line Drive, 8LXD)
|
Bottom of the 9th over - 0 run(s), 1 hit(s), 0 error(s), 1 left on base; Santa Fe 9 - West Virginia 1 |
|